 Dungeon Crawl Stone Soup version 0.22-a0-293-gc9362ec (webtiles) character file.

217 Auros the Cudgeler (level 5, -4/34 HPs)
             Began as a Gargoyle Monk on Mar 23, 2018.
             Slain by a gnoll
             ... wielding a +0 halberd
              (7 damage)
             ... on level 3 of the Dungeon.
             The game lasted 00:13:43 (2571 turns).

Auros the Cudgeler (Gargoyle Monk)                  Turns: 2571, Time: 00:13:44

Health: -4/34      AC: 12    Str: 16    XL:     5   Next: 94%
Magic:  14/14      EV: 11    Int: 10    God:
Gold:   94         SH:  0    Dex: 14    Spells: 4/4 levels left

rFire    . . .     SeeInvis .   a - +0 mace
rCold    . . .     Gourm    .   (no shield)
rNeg     + . .     Faith    +   n - +0 scale mail
rPois    ∞         Spirit   .   k - +2 hat
rElec    +         Reflect  .   (no cloak)
rCorr    .         Harm     .   (no gloves)
MR       .....                  (no boots)
Stlth    +.........             u - amulet of faith
HPRegen  0.11/turn              d - ring of magical power
MPRegen  0.14/turn              p - +2 ring of dexterity

@: hasted, very quick
A: negative energy resistance 1, electricity resistance, unbreathing,
petrification resistance, rot immunity, AC +4
a: no special abilities


You were on level 3 of the Dungeon.
You were not hungry.

You visited 1 branch of the dungeon, and saw 4 of its levels.

You collected 94 gold pieces.

Inventory:

Hand Weapons
 a - a +0 mace (weapon)
 f - a +0 hunting sling
 r - a +0 arbalest
Missiles
 e - 3 needles of confusion
 j - 15 sling bullets
 t - 18 arrows
 w - 20 poisoned needles
Armour
 b - a +0 robe
 g - a +0 robe
 k - a +2 hat (worn)
 n - a +0 scale mail (worn)
 y - a +0 plate armour
Jewellery
 d - a ring of magical power (left hand)
 p - a +2 ring of dexterity (right hand)
 u - an amulet of faith (around neck)
 v - a +2 amulet of reflection {unknown}
Scrolls
 h - 3 scrolls of noise {unknown}
 i - 2 scrolls of remove curse {unknown}
 m - a scroll of immolation {unknown}
 q - a scroll of enchant weapon {unknown}
Potions
 o - 2 potions of agility
 s - a potion of curing {unknown}
Comestibles
 c - 5 rations


   Skills:
 + Level 4.3 Fighting
 + Level 4.6 Maces & Flails
 + Level 1.1 Armour
 + Level 3.3 Dodging
 + Level 3.0 Stealth


You had 4 spell levels left.
You didn't know any spells.

Dungeon Overview and Level Annotations

Branches:
Dungeon (4/15)
 Temple: D:4-7

Altars:
Ashenzari
Elyvilon
Yredelemnul


Innate Abilities, Weirdness & Mutations

You are resistant to torment.
Your stone body is resilient. (AC +4)
You are immune to poison.
You resist negative energy. (rN+)
You are resistant to electric shocks. (rElec)
You can survive without breathing.
You are immune to petrification.
You are immune to rotting.


Message History

You become entangled in the net!
You struggle against the net.
The gnoll hits you with a halberd.
You struggle against the net.
The gnoll hits you with a halberd!
* * * LOW HITPOINT WARNING * * *
You tear a large gash into the net.
The gnoll hits you from afar with a halberd.
* * * LOW HITPOINT WARNING * * *
The gnoll hits you with a halberd.
* * * LOW HITPOINT WARNING * * *
You can't do that while held in a net.
You can't do that while held in a net.
You can't do that while held in a net.
You can't do that while held in a net.
Okay, then.
Okay, then.
You feel yourself speed up. The gnoll barely misses you.
The gnoll hits you but does no damage.
You rip the net and break free!
The gnoll hits you from afar with a halberd!
You die...

......g...........#
.......g..........###
..........[...........
....<..............#...
.......................
....>.#...........#####
...#####.(.$..g...#
#.######..........#
....##......<...@.#
.##g#..#.......g(.......
###gg.#######...##.#####
#..r.....# #...# .#
#........# #..... #
#........# #...###
#........# #####
#........# ##########


You could see 2 gnolls.

Vanquished Creatures
  3 orc wizards
  A worker ant (D:4)
  3 adders (D:2)
  2 gnolls
  An ooze (D:3)
  3 dart slugs
  2 leopard geckos (D:1)
  5 orcs
  A giant cockroach (D:2)
  8 goblins
  5 hobgoblins (D:1)
  A ball python (D:2)
  A bat (D:1)
  11 frilled lizards
  7 kobolds
  3 rats
57 creatures vanquished.

Notes
Turn   | Place    | Note
-------+----------+-------------------------------------------
     0 | D:1      | Auros the Gargoyle Monk began the quest for the Orb.
     0 | D:1      | Reached XP level 1. HP: 14/14 MP: 1/1
   132 | D:1      | Reached XP level 2. HP: 15/19 MP: 2/2
   523 | D:1      | Reached XP level 3. HP: 24/24 MP: 3/3
   711 | D:2      | Reached XP level 4. HP: 25/29 MP: 4/4
  1212 | D:1      | Reached XP level 5. HP: 32/33 MP: 5/5
  1422 | D:2      | Found a shattered altar of Ashenzari.
  2198 | D:3      | Found a basalt altar of Yredelemnul.
  2320 | D:4      | Reached skill level 1 in Armour
  2328 | D:4      | Found a white marble altar of Elyvilon.
  2571 | D:3      | Slain by a gnoll

Vault maps used:
D:1:      nzn_arrival_depleted_hourglass, minmay_pentomino_s4
D:2:      lemuel_doored_altar, first_ration, serial_glass, glass_columns_c,
          glass_columns_b, minmay_tiny_reverse_x
D:3:      yredelemnul_altar_generic
D:4:      good_gods_temple_1, nemelex_xobeh_ov_fountains_minmay, vehumet_statue,
          lightli_corner_chamber, uniq_edmund, uniq_ijyb

Skill      XL: |  1  2  3  4  5 |
---------------+----------------+-----
Fighting       | 4 |  4.3
Dodging        | 3 |  3.3
Maces & Flails | 4 |  4.6
Stealth        | 3 |  3.0
Armour         | 1 |  1.1

Action                   |  1- 3 |  4- 6 || total
-------------------------+-------+-------++-------
Melee: Mace              |    85 |   136 ||   221
  Use: Potion            |     1 |     3 ||     4
       Scroll            |       |     1 ||     1
 Stab: Sleeping          |     1 |       ||     1
  Eat: Chunk             |       |     6 ||     6
Armor: Robe              |    10 |       ||    10
       Scale mail        |    15 |    98 ||   113
Dodge: Dodged            |    66 |   119 ||   185

Table legend:
 A = Spawn XP
 B = Non-spawn XP
 C = Spawn XP percentage of total XP
 D = Spawn monster count
 E = Non-spawn monster count
 F = Spawn count percentage of total count
 G = Total turns spent on level
                    A         B        C        D         E        F      G
               +---------+---------+-------+---------+---------+-------+---------
         Total |       0 |     311 |   0.0 |       0 |      57 |   0.0 |  2571
               +---------+---------+-------+---------+---------+-------+---------
           D:1 |       0 |     123 |   0.0 |       0 |      25 |   0.0 |  1157
           D:2 |       0 |     114 |   0.0 |       0 |      17 |   0.0 |   897
           D:3 |       0 |      26 |   0.0 |       0 |      12 |   0.0 |   266
           D:4 |       0 |      48 |   0.0 |       0 |       3 |   0.0 |   251
               +---------+---------+-------+---------+---------+-------+---------
